 Dungeon Crawl Stone Soup version 0.31.0-9-g3a7656b989 (webtiles) character file.

Game seed: 5840180385910462371

28 qw the Shooter (level 2, 0/14 HPs)
             Began as a Spriggan Hunter on Feb 2, 2024.
             Succumbed to their own poison gas
             ... on level 2 of the Dungeon.
             The game lasted 00:00:01 (393 turns).

qw the Shooter (Spriggan Hunter)                     Turns: 393, Time: 00:00:01

Health: 0/14       AC:  2    Str:  7    XL:     2   Next: 96%
Magic:  3/3        EV: 19    Int: 10    God:
Gold:   36         SH:  0    Dex: 18    Spells: 1/1 levels left

rFire   . . .        a - +0 shortbow
rCold   . . .        (shield currently unavailable)
rNeg    . . .        c - +0 robe
rPois   .            (helmet restricted)
rElec   .            (no cloak)
rCorr   .            (gloves unavailable)
SInv    +            (boots unavailable)
Will    .....        (no amulet)
Stlth   ++           (no ring)
HPRegen 0.22/turn    (no ring)
MPRegen 0.08/turn

%: no passive effects
@: lethally poisoned (0 -> -4), very quick
A: very small, no large weapons, unfitting armour, see invisible, speed 3
a: no special abilities


You were on level 2 of the Dungeon.
You visited 1 branch of the dungeon, and saw 2 of its levels.

You collected 36 gold pieces.


Innate Abilities, Weirdness & Mutations

You are very small and have problems with some larger weapons.
You are too small for most types of armour.
You have supernaturally acute eyesight. (SInv)
You cover ground extremely quickly. (Speed+++)


   Skills:
 - Level 1.5 Fighting
 + Level 4.4 Ranged Weapons
 - Level 4.0 Dodging
 - Level 1.5 Stealth


You had one spell level left.
You didn't know any spells.
Your spell library was empty.

Inventory:

Hand Weapons
 a - a +0 shortbow (weapon)
Armour
 c - a +0 robe (worn)

Dungeon Overview and Level Annotations

Branches:
Dungeon (2/15)

Altars:


Message History

You shoot an arrow. The arrow hits the hobgoblin.
The hobgoblin is almost dead.
The hobgoblin misses you.
You shoot an arrow. The arrow hits the hobgoblin.
You kill the hobgoblin!
You start resting.
HP restored.
Things that are here:
a +0 club; a goblin corpse
Found a book of Necromancy and a mace.
Found a stone staircase leading up.
383 ||| READING 2 scrolls labelled JOSOIW LICS.
The air fills with toxic fumes!
As you read the scroll labelled JOSOIW LICS, it crumbles to dust.
It was a scroll of poison.
384 ||| READING scroll labelled HABILL OVVIGE.
As you read the scroll labelled HABILL OVVIGE, it crumbles to dust.
It is a scroll of identify.
384 ||| IDENTIFYING ruby potion;
d - a potion of brilliance
385 ||| DROPPING scroll of butterflies.
You drop a scroll of butterflies.
386 ||| DROPPING potion of brilliance.
You drop a potion of brilliance.
387 ||| DROPPING scroll of poison.
You drop a scroll of poison.
What level of the Dungeon? (default 1, ? - help) Sorry, I don't know how to get there.
Found a stone staircase leading down.
You are engulfed in poison gas.
You are poisoned.
You feel sick.
389 ||| Stepping ~*~*~tactically~*~*~ (cloud).
You feel sick.
Things that are here:
a scroll of poison; a potion of brilliance; a scroll of butterflies
There is a lethal amount of poison in your body!
You feel sick.
There is a lethal amount of poison in your body!
You feel sick.
There is a lethal amount of poison in your body!
You feel sick.
There is a lethal amount of poison in your body!
You die...

#....#.#..#.#
#...##.##.#.#
#¤0.#...#.#.#
#000.###..#¤#
#00¤#..:#.00#
#.¤0##)##0###
###0¤###¤¤#
#00¤¤0.##
#¤0@####
#000# #¤0¤#
#0#0# #0#¤#
¤¤#0# #¤.#0¤
##.#¤¤ #> ###


There were no monsters in sight!

Vanquished Creatures
  3 ball pythons
  7 endoplasms (D:1)
  A giant cockroach (D:1)
  A hobgoblin (D:2)
  3 jackals (D:1)
  A quokka (D:1)
  A bat (D:1)
  A frilled lizard (D:1)
  3 goblins
  2 rats
23 creatures vanquished.

Notes
Turn   | Place    | Note
-------+----------+-------------------------------------------
     0 | D:1      | qw the Spriggan Hunter began the quest for the Orb.
     0 | D:1      | Reached XP level 1. HP: 10/10 MP: 2/2
     0 | D:1      | 0 ||| qw: Version: 0.3-a-155-g5e7d8dd
     0 | D:1      | 0 ||| qw: Game counter: 1596
     0 | D:1      | 0 ||| qw: Melee chars always use a shield: true
     0 | D:1      | 0 ||| qw: God list: Okawaru
     0 | D:1      | 0 ||| qw: Allow faded altars: false
     0 | D:1      | 0 ||| qw: Do Orc after clearing Dungeon:15 true
     0 | D:1      | 0 ||| qw: Do second Lair branch before Depths: true
     0 | D:1      | 0 ||| qw: Lair rune preference: random
     0 | D:1      | 0 ||| qw: Goals: Normal
     0 | D:1      | 0 ||| PLANNING D:1-11
    26 | D:1      | Reached skill level 3 in Dodging
   105 | D:1      | Reached XP level 2. HP: 14/14 MP: 3/3
   304 | D:1      | You fall into a shaft and drop 1 floor!
   383 | D:2      | 383 ||| READING 2 scrolls labelled JOSOIW LICS.
   384 | D:2      | 384 ||| READING scroll labelled HABILL OVVIGE.
   384 | D:2      | 384 ||| IDENTIFYING ruby potion
   385 | D:2      | 385 ||| DROPPING scroll of butterflies.
   386 | D:2      | 386 ||| DROPPING potion of brilliance.
   387 | D:2      | 387 ||| DROPPING scroll of poison.
   389 | D:2      | 389 ||| Stepping ~*~*~tactically~*~*~ (cloud).
   390 | D:2      | HP: 3/14 [poisoned by you (poison gas)]
   392 | D:2      | HP: 1/14 [poisoned by you (poison gas)]
   393 | D:2      | Succumbed to their own poison gas

Levels and vault maps discovered:
D:1:      roderic_octagonal_star, layout_basic
D:2:      layout_basic, hex_medium, minmay_ruptured

Skill      XL: |  1  2 |
---------------+-------+-----
Dodging        | 3 4 |  4.0
Fighting       | |  1.5
Ranged Weapons | |  4.4
Stealth        | |  1.5

Action                     || total
---------------------------++-------
   Fire: Shortbow          ||    49
    Use: Scroll            ||     2
 Armour: Robe              ||     5
  Dodge: Dodged            ||    10

Table legend:
 A = Non-vault XP
 B = Vault XP
 C = Vault XP percentage of total XP
 D = Non-vault monster count
 E = Vault monster count
 F = Vault count percentage of total count
                 A         B        C        D         E       F
            +---------+---------+-------+---------+---------+-------
      Total |      35 |       5 |  12.5 |      20 |       3 |  13.0
            +---------+---------+-------+---------+---------+-------
        D:1 |      34 |       0 |   0.0 |      19 |       0 |   0.0
        D:2 |       1 |       5 |  83.3 |       1 |       3 |  75.0
            +---------+---------+-------+---------+---------+-------
